 Dungeon Crawl Stone Soup version 0.24-a0-416-g56ce5178b7 (webtiles) character file.

Game seed: 16129952873646456717

189 Defined the Sneak (level 5, -4/30 HPs)
             Began as a Vampire Enchanter on June 9, 2019.
             Slain by a big kobold
             ... wielding a +0 mace
              (7 damage)
             ... on level 3 of the Dungeon.
             The game lasted 00:15:42 (2876 turns).

Defined the Sneak (Vampire Enchanter)               Turns: 2876, Time: 00:15:43

Health: -4/30      AC:  2    Str:  7      XL:     5   Next: 40%
Magic:  3/8        EV: 12    Int: 16 (17) God:
Gold:   117        SH:  4    Dex: 13 (16) Spells: 2/8 levels left

rFire    . . .     SeeInvis +   c - +4 dagger
rCold    . . .     Gourm    .   g - +0 buckler
rNeg     . . .     Faith    .   b - +0 robe
rPois    .         Spirit   .   (no helmet)
rElec    .         Reflect  .   (no cloak)
rCorr    .         Harm     .   (no gloves)
MR       .....                  (no boots)
Stlth    ++........             (no amulet)
HPRegen  0.30/turn              (no ring)
MPRegen  0.11/turn              (no ring)

@: very slightly contaminated, regenerating quickly, very slow
A: no food, fangs 3, see invisible, [frail 2], unbreathing
a: Exsanguinate


You were on level 3 of the Dungeon.
You were alive.

You visited 1 branch of the dungeon, and saw 3 of its levels.

You collected 117 gold pieces.

Inventory:

Hand Weapons
 c - a +4 dagger (weapon)
Armour
 b - a +0 robe (worn)
 g - a +0 buckler (worn)
Jewellery
 i - an uncursed ring of ice


   Skills:
 * Level 1.6 Fighting
 + Level 1.9 Short Blades
 + Level 2.8 Dodging
 * Level 6.1 Stealth
 * Level 1.2 Shields
 + Level 2.3 Spellcasting
 + Level 4.9 Hexes
 * Level 1.2 Ice Magic


You had 2 spell levels left.
You knew the following spells:

 Your Spells              Type           Power        Failure   Level  Hunger
a - Corona                Hex            ###....      3%          1    N/A
b - Ensorcelled Hibernat  Hex/Ice        ##....       12%         2    N/A
c - Tukima's Dance        Hex            ###.....     11%         3    N/A

Your spell library contained the following spells:

 Spells                   Type           Power        Failure   Level  Hunger
 Confuse                  Hex            ###.....     11%         3    N/A
 Dazzling Spray           Conj/Hex       #.....       30%         3    N/A

Dungeon Overview and Level Annotations

Branches:
Dungeon (3/15)

Altars:
Qazlal
Trog
Vehumet

Annotations:
D:3 Grinder


Innate Abilities, Weirdness & Mutations

You do not eat.
Your natural rate of healing is unusually fast.
You have razor-sharp teeth.
You have supernaturally acute eyesight. (SInv)
You can survive without breathing.
[You are very frail. (-20% HP)]


Message History

You barely miss the big kobold.
The big kobold is severely wounded.
The big kobold hits you with a +0 mace.
* * * LOW HITPOINT WARNING * * *
Your unstable footing causes you to fumble your attack.
The big kobold splashes around in the water.
You barely miss the big kobold.
The big kobold is severely wounded.
You completely miss the big kobold.
The big kobold is severely wounded.
The big kobold splashes around in the water.
Your unstable footing causes you to fumble your attack.
The big kobold hits you but does no damage.
You closely miss the big kobold. You bite the big kobold.
The big kobold is severely wounded.
You block the big kobold's attack.
Your unstable footing causes you to fumble your attack.
Your unstable footing causes you to fumble your attack.
The big kobold hits you with a +0 mace!
You die...

...........#####≈≈#..##........##
.........### ##≈≈##..#........#
.....(...# #≈≈≈≈#..#........#
.....(...# #≈≈≈≈#..######...#
#..†(....# #≈≈≈≈#..# #...#
#.).###### ##≈≈##..# ##### #...#
#≈≈#..## #......g..# #K##..#
#.........# #@# #.........# ###
##........# #........# #........#
..........


You could see a big kobold.

Vanquished Creatures
  A big kobold (D:3)
  A worker ant (D:3)
  2 adders (D:3)
  A worm (D:2)
  A dart slug (D:2)
  2 leopard geckos
  2 orcs (D:3)
  A ball python (D:1)
  3 giant cockroaches
  9 goblins
  7 hobgoblins
  5 jackals
  6 bats
  7 frilled lizards
  19 kobolds
  7 rats
74 creatures vanquished.

Notes
Turn   | Place    | Note
-------+----------+-------------------------------------------
     0 | D:1      | Defined the Vampire Enchanter began the quest for the Orb.
     0 | D:1      | Reached XP level 1. HP: 13/13 MP: 3/3
   224 | D:1      | Reached XP level 2. HP: 2/13 MP: 1/5
   307 | D:1      | Learned a level 2 spell: Ensorcelled Hibernation
   455 | D:1      | Reached skill level 5 in Stealth
   824 | D:1      | Reached XP level 3. HP: 14/20 MP: 0/6
  1293 | D:2      | Reached skill level 1 in Fighting
  1463 | D:2      | Found a faded altar of an unknown god.
  1463 | D:2      | Found a radiant altar of Vehumet.
  1468 | D:2      | Found a stormy altar of Qazlal.
  1470 | D:2      | Found a faded altar of an unknown god.
  1472 | D:2      | Found a bloodstained altar of Trog.
  1903 | D:3      | HP: 1/20 [kobold/cursed +0 whip (5)]
  2080 | D:3      | Identified the +4 ring mail of the Crown {Int+3 Dex+5
                  | Stlth-}
  2140 | D:3      | Reached XP level 4. HP: 22/25 MP: 1/7
  2524 | D:3      | Noticed a big kobold
  2537 | D:3      | Learned a level 3 spell: Tukima's Dance
  2565 | D:3      | Killed a big kobold
  2565 | D:3      | Reached skill level 6 in Stealth
  2565 | D:3      | Reached skill level 1 in Shields
  2565 | D:3      | Reached skill level 1 in Ice Magic
  2565 | D:3      | Reached XP level 5. HP: 14/29 MP: 3/8
  2666 | D:3      | Noticed Grinder
  2677 | D:3      | Paralysed by Grinder for 3 turns
  2815 | D:3      | HP: 1/25 [big kobold/+0 mace (7)]
  2869 | D:3      | HP: 1/30 [big kobold/+0 mace (6)]
  2876 | D:3      | Slain by a big kobold

Levels and vault maps discovered:
D:1:      ebering_trefoil_twist, layout_basic
D:2:      layout_loops_ring, chequers_temple_overflow_minitemple, first_ration
D:3:      cheibrodos_thug_alley, layout_basic, minmay_checkerbox, uniq_grinder

Skill      XL: |  1  2  3  4 |
---------------+-------------+-----
Stealth        | 5 6 |  6.1
Fighting       | 1 |  1.6
Shields        | 1 |  1.2
Ice Magic      | 1 |  1.2
Short Blades   | |  1.9
Dodging        | |  2.8
Spellcasting   | |  2.3
Hexes          | |  4.9

Action                   |  1- 3 |  4- 6 || total
-------------------------+-------+-------++-------
Melee: Dagger            |   142 |    70 ||   212
       Bite              |    11 |     5 ||    16
 Cast: Corona            |     8 |       ||     8
       Ensorcelled Hiber |    13 |    20 ||    33
       Tukima's Dance    |       |     1 ||     1
 Abil: Exsanguinate      |     2 |     1 ||     3
       Revivify          |     2 |     2 ||     4
       Bat Form          |       |     1 ||     1
  Use: Scroll            |     6 |     6 ||    12
       Potion            |       |     4 ||     4
 Stab: Sleeping          |    21 |     9 ||    30
Armor: Robe              |    21 |     6 ||    27
Dodge: Dodged            |    94 |    31 ||   125
Block: Buckler           |     6 |     6 ||    12

Table legend:
 A = Non-vault XP
 B = Vault XP
 C = Vault XP percentage of total XP
 D = Non-vault monster count
 E = Vault monster count
 F = Vault count percentage of total count
                 A         B        C        D         E       F
            +---------+---------+-------+---------+---------+-------
      Total |     154 |     117 |  43.2 |      59 |      15 |  20.3
            +---------+---------+-------+---------+---------+-------
        D:1 |      42 |       0 |   0.0 |      26 |       0 |   0.0
        D:2 |      23 |       0 |   0.0 |      11 |       0 |   0.0
        D:3 |      89 |     117 |  56.8 |      22 |      15 |  40.5
            +---------+---------+-------+---------+---------+-------
